Map: [ESL] Site Delta

Players

Dolan - Winner!

  • Race: Terran Terran
  • Spawn Location: 11:00

Epic

  • Race: Terran Terran
  • Spawn Location: 5:00

Event: ESL SC2 Masters 2024 Spring (Regional)

VOD

Have the link to the VOD?

Description

Time

  • Played on: April 14, 2024, 4:20 p.m.
  • Length: 11:24

All games in this series

Show
View Real Time Build Order
Export as new Build Order

Dolan Terran - Winner!

Build Orders: Cyclone Opening 

Get SALT Encoding   

  12  0:00  SCV  
  13  0:12  SCV  
  14  0:16  Supply Depot  
  14  0:24  SCV  
  15  0:38  SCV  
  15  0:39  Barracks  
  15  0:42  Refinery  
  16  0:50  SCV  
  16  0:52  Refinery  
  17  1:02  SCV  
  18  1:14  SCV  
  19  1:26  Supply Depot, Orbital Command, Reaper  
  20  1:41  Factory  
  20  1:52  SCV  
  21  1:58  Reaper  
  22  2:05  SCV  
  23  2:18  SCV  
  24  2:26  Command Center  
  24  2:28  Cyclone  
  26  2:34  SCV  
  27  2:41  Barracks Reactor  
  27  2:46  SCV  
  27  2:47  Supply Depot  
  28  2:55  Starport  
  28  2:58  SCV  
  29  3:05  Factory Tech Lab  
  29  3:15  SCV  
  30  3:27  SCV  
  30  3:30  Marine  
  30  3:31  Siege Tank, Marine  
  36  3:35  Starport Tech Lab  
  36  3:39  SCV  
  36  3:44  Refinery  
  36  3:48  Orbital Command  
  36  3:51  SCV  
  37  3:56  Raven, Marine x2  
  41  4:03  SCV  
  42  4:13  Supply Depot  
  42  4:15  SCV x2  
  44  4:19  Siege Tank, Marine x2  
  49  4:27  SCV x2  
  49  4:31  Raven  
  53  4:36  Command Center  
  49  4:52  SCV x2  
  51  4:53  Siege Tank, Interference Matrix  
  51  4:57  Supply Depot  
  51  4:58  Marine x2  
  56  5:06  SCV x2  
  58  5:11  Raven  
  60  5:18  SCV x2  
  61  5:31  SCV x2  
  61  5:34  Barracks x2  
  61  5:35  Factory Reactor  
  63  5:39  Engineering Bay  
  63  5:40  Refinery, Engineering Bay  
  63  5:43  SCV x2  
  63  5:49  Marine, Orbital Command  
  63  5:50  Stimpack  
  63  5:55  SCV x2  
  66  6:04  Starport Reactor  
  66  6:07  Terran Infantry Weapons Level 1, Terran Infantry Armor Level 1  
  66  6:08  Marine  
  66  6:09  SCV x2  
  69  6:12  Supply Depot  
  69  6:15  SCV  
  70  6:21  SCV x2  
  72  6:30  SCV  
  73  6:33  SCV x2  
  73  6:36  Siege Tank, Marine x3  
  73  6:37  Marine x2  
  83  6:43  Medivac x2  
  83  6:45  SCV x2  
  90  6:48  Supply Depot  
  90  6:49  Supply Depot, Orbital Command  
  90  6:52  Barracks  
  89  6:54  Barracks, Marine x4  
  89  6:55  Marine  
  94  7:02  SCV x2  
  94  7:06  Missile Turret  
  96  7:14  SCV x2  
  98  7:19  SCV  
  98  7:20  Refinery  
  99  7:22  Refinery  
  99  7:23  Sensor Tower  
  99  7:25  Marine x5  
  99  7:26  SCV x2  
  99  7:27  Medivac, Siege Tank  
  99  7:29  Combat Shield  
  111  7:33  Missile Turret  
  111  7:34  Armory  
  111  7:42  Barracks Reactor x2, Marine x2  
  111  7:44  Marine x3  
  113  7:47  SCV  
  117  7:58  Supply Depot x2  
  117  7:59  Supply Depot  
  117  8:00  SCV x3  
  120  8:06  Marine x5  
  120  8:12  Supply Depot  
  125  8:20  SCV x2, Medivac x2, Siege Tank  
  125  8:21  Marine x4  
  138  8:31  Supply Depot, Factory  
  135  8:44  Marine x5  
  135  8:45  Marine x4  
  135  8:46  Terran Infantry Weapons Level 2, Terran Infantry Armor Level 2  
  144  8:49  Terran Vehicle Weapons Level 1  
  141  8:57  Siege Tank  
  141  8:59  Medivac x2  
  141  9:02  Marine x2  
  150  9:08  Command Center  
  150  9:11  Marine x3  
  153  9:19  Marine x2  
  153  9:20  Supply Depot, Marine x2  
  153  9:22  Barracks Reactor  
  157  9:25  Marine  
  157  9:27  Siege Tank, Orbital Command  
  157  9:29  Siege Tank  
  164  9:33  Supply Depot  
  164  9:35  Marine  
  164  9:36  Marine  
  154  9:46  SCV x2  
  154  9:50  Marine x5  
  160  10:03  Marine x4  
  160  10:04  Marine  
  161  10:07  Marine  
  161  10:08  Marine x4  
  151  10:22  Marine x5  
  151  10:24  Siege Tank x2  
  151  10:25  Medivac x2, Marine  
  151  10:26  Marine  
  151  10:27  Marine  
  163  10:29  Marine  
  163  10:38  Marine  
  163  10:40  Marine  
  154  10:52  Marine x4  
  155  11:05  Marine x4  
  155  11:06  Marine x2  
Show
View Real Time Build Order
Export as new Build Order

Epic Terran 

Build Orders: Cyclone Opening 

Get SALT Encoding   

  12  0:00  SCV  
  13  0:12  SCV  
  14  0:17  Supply Depot  
  14  0:24  SCV  
  15  0:38  SCV  
  15  0:40  Barracks  
  15  0:42  Refinery  
  16  0:51  SCV  
  16  0:53  Refinery  
  17  1:03  SCV  
  18  1:15  SCV  
  19  1:27  Orbital Command, Reaper  
  19  1:29  Supply Depot  
  20  1:41  Factory  
  20  1:52  SCV  
  21  1:59  Reaper  
  22  2:05  SCV  
  23  2:20  Command Center  
  23  2:21  SCV  
  24  2:28  Cyclone  
  25  2:33  Barracks Reactor  
  25  2:34  SCV  
  26  2:41  Supply Depot  
  26  2:46  SCV  
  27  2:56  Starport  
  27  2:59  SCV  
  27  3:00  Factory Tech Lab  
  28  3:09  Marine x2  
  28  3:11  SCV  
  30  3:20  Siege Tank  
  30  3:23  Refinery  
  33  3:29  Marine x2  
  33  3:30  SCV  
  36  3:39  Medivac  
  38  3:42  Orbital Command  
  38  3:45  SCV  
  38  3:48  Marine x2  
  40  3:58  SCV, Siege Tank  
  44  4:04  Supply Depot  
  44  4:09  SCV  
  45  4:12  Medivac  
  45  4:15  SCV  
  48  4:18  Marine x2  
  48  4:21  SCV  
  51  4:30  Siege Tank  
  54  4:32  Supply Depot  
  51  4:43  SCV x2  
  47  4:45  Starport Tech Lab  
  47  4:50  Marine  
  47  4:51  Marine  
  47  4:55  SCV  
  47  4:56  SCV  
  49  5:02  Siege Tank  
  49  5:04  Raven  
  54  5:08  SCV x2  
  54  5:10  Command Center  
  54  5:12  Marine x2  
  58  5:20  SCV x2  
  60  5:29  Interference Matrix  
  60  5:30  Supply Depot, Marine x2  
  60  5:32  SCV  
  60  5:33  SCV  
  64  5:38  Raven  
  66  5:46  Siege Tank  
  66  5:48  SCV  
  70  5:50  Supply Depot  
  70  5:51  SCV  
  71  5:58  Barracks  
  71  5:59  Barracks  
  71  6:00  SCV  
  71  6:01  Barracks Tech Lab  
  71  6:03  Refinery  
  71  6:04  SCV  
  73  6:08  Engineering Bay  
  73  6:09  Engineering Bay  
  73  6:12  Raven  
  73  6:13  Supply Depot  
  73  6:14  SCV  
  73  6:16  SCV  
  77  6:20  Siege Tank  
  77  6:23  Orbital Command  
  79  6:31  SCV x2  
  79  6:32  Marine  
  82  6:33  Stimpack  
  82  6:44  SCV x2, Supply Depot  
  82  6:46  Barracks Reactor  
  84  6:47  Marine  
  84  6:48  Barracks, Marine  
  84  6:49  Barracks  
  84  6:52  SCV  
  84  6:54  Starport Reactor, Siege Tank  
  87  7:00  SCV x2  
  92  7:03  Supply Depot  
  92  7:04  SCV  
  92  7:05  Supply Depot  
  92  7:06  Marine  
  92  7:07  Marine x2  
  96  7:10  Supply Depot  
  96  7:11  Terran Infantry Weapons Level 1  
  96  7:14  SCV, Terran Infantry Armor Level 1, Orbital Command  
  97  7:15  SCV  
  98  7:23  Marine x2  
  98  7:24  Marine x3  
  98  7:29  Siege Tank  
  106  7:33  SCV x2  
  106  7:36  Barracks Reactor  
  108  7:38  Barracks Reactor  
  108  7:41  SCV, Marine  
  108  7:43  Medivac  
  112  7:45  SCV x2  
  112  7:49  Marine x4  
  118  7:51  Medivac  
  118  7:54  SCV  
  118  7:57  SCV, Refinery  
  118  7:58  SCV, Refinery  
  123  8:00  Marine  
  123  8:05  Siege Tank  
  126  8:06  Marine  
  126  8:07  Marine x2  
  126  8:11  SCV x3, Supply Depot  
  126  8:12  Marine  
  133  8:13  Combat Shield  
  133  8:17  Marine, Missile Turret  
  133  8:18  Marine x3  
  136  8:28  Medivac x2  
  140  8:34  Missile Turret, Marine x5  
  140  8:35  Marine  
  140  8:36  Armory  
  140  8:37  Missile Turret  
  141  8:41  Siege Tank  
  141  8:48  Marine x3  
  141  8:52  Marine x5  
  141  8:53  Marine  
  149  9:06  Supply Depot  
  149  9:07  Supply Depot  
  149  9:08  Supply Depot  
  149  9:09  Supply Depot  
  149  9:16  Factory  
  149  9:20  Supply Depot  
  149  9:23  Command Center  
  149  9:27  Marine x3  
  149  9:28  Medivac x2, Siege Tank, Marine x2  
  161  9:35  Marine x3  
  162  9:43  Marine  
  148  9:45  Marine  
  148  9:49  Marine x3  
  150  10:00  Siege Tank, Marine  
  150  10:01  Marine x4  
  150  10:03  Medivac x2, Marine  
  150  10:07  Marine x2  
  158  10:08  Marine  
  153  10:18  Marine x4  
  153  10:19  Siege Tank, Marine  
  153  10:21  Marine  
  123  10:24  Marine  
  123  10:25  Marine  
  123  10:26  Marine  
  104  10:32  Siege Tank  
  104  10:36  Marine x4  
  104  10:37  Marine  
  104  10:38  Medivac  
  104  10:39  Marine  
  104  10:42  Marine x2  
  112  10:44  Marine  
  113  10:51  Siege Tank  
  113  10:54  Marine x4  
  113  10:55  Marine  
  113  10:57  Marine  
  116  11:00  Marine x2  
  116  11:02  Marine  
Tags
 
Add a new tag
Caveats
  • Supply blocks, unpowered buildings, or Contaminate may cause inaccurate times.
  • Supply counts are checked every 10 seconds.